 Dungeon Crawl Stone Soup version 0.19-a0-49-gb8736b8 (webtiles) character file.

421 M4edhros the Ruffian (level 6, -3/59 HPs)
             Began as a Troll Monk on May 6, 2016.
             Was a Believer of Cheibriados.
             Slain by a yak (17 damage)
             ... on level 10 of the Dungeon.
             The game lasted 00:04:32 (1016 turns).

M4edhros the Ruffian (Troll Monk)                   Turns: 1016, Time: 00:04:32

Health: -3/59      AC:  5    Str: 22 (25) XL:     6   Next: 62%
Magic:  2/5        EV: 11    Int: 11 (14) God:    Cheibriados [**....]
Gold:   110        SH:  0    Dex: 16 (18) Spells: 0 memorised, 5 levels left

rFire  . . .     SeeInvis .       - Unarmed
rCold  . . .     Gourm    +     a - +0 robe
rNeg   . . .     Faith    .     (no shield)
rPois  .         Spirit   .     (helmet restricted)
rElec  .         Dismiss  .     (no cloak)
rCorr  .         Reflect  .     (gloves unavailable)
SustAt .         Harm     .     (boots unavailable)
MR     .....                    (no amulet)
Stlth  ++........               (no ring)
                                j - +2 ring of intelligence

@: very slow, not resistant to hostile enchantments, unstealthy
A: unfitting armour, claws 3, fast metabolism 3, gourmand, regeneration 2,
shaggy fur 1, tough skin 2
a: Bend Time, Renounce Religion


You were on level 10 of the Dungeon.
You worshipped Cheibriados.
Cheibriados was pleased with you.
You were very full.

You visited 2 branches of the dungeon, and saw 10 of its levels.

You collected 110 gold pieces.

Inventory:

Hand Weapons
 q - the +6 falchion of Loqiav {flame, Dex+3}
   (You found it on level 9 of the Dungeon)

   It has been specially enchanted to burn those struck by it, causing extra
   injury to most foes and up to half again as much damage against particularly
   susceptible opponents.
   Big, fiery blades are also staple armaments of hydra-hunters.
   It affects your dexterity (+3).
Armour
 a - a +0 robe (worn)
 e - a cursed +0 large shield
Jewellery
 j - a +2 ring of intelligence (left claw)
Scrolls
 c - 4 scrolls of remove curse
 d - 2 scrolls of identify {unknown}
 g - 3 scrolls of magic mapping {unknown}
 h - a scroll of fog {unknown}
 n - 3 scrolls of acquirement {unknown}
 o - a scroll of noise {unknown}
 p - a scroll of summoning {unknown}
Potions
 l - a potion of flight
Books
 k - a book of Power

   Spells                             Type                      Level
   a - Fulminant Prism                Conjuration/Hexes            4
   b - Iskenderun's Mystic Blast      Conjuration                  4
   c - Venom Bolt                     Conjuration/Poison           5
   d - Bolt of Magma                  Conjuration/Fire/Earth       5
   e - Iron Shot                      Conjuration/Earth            6
   f - Orb of Destruction             Conjuration                  7
   g - Spellforged Servitor           Conjuration/Summoning        7
Comestibles
 b - 4 bread rations
 i - 5 fruits


   Skills:
 - Level 2.4 Fighting
 - Level 2.4 Dodging
 - Level 1.1 Stealth
 + Level 3.7 Shields
 + Level 6.4 Unarmed Combat


You had 5 spell levels left.
You didn't know any spells.

Dungeon Overview and Level Annotations

Branches:
Dungeon (10/15)            Temple (1/1) D:6
   Lair: D:8-11         Orc: D:9-12

Altars:
Ashenzari
Cheibriados
Elyvilon
Fedhas
Kikubaaqudgha
Nemelex Xobeh
Okawaru
Pakellas
Trog
Vehumet
Yredelemnul
The Shining One


Innate Abilities, Weirdness & Mutations

You are too large for most types of armour.
You have claws for hands.
Your metabolism is lightning-fast.
You like to eat raw meat.
You heal very quickly.
You are covered in fur (AC +1).
You have very tough skin (AC +2).


Message History

The centaur barely misses you.
You claw the centaur!
The centaur is moderately wounded.
The centaur hits you but does no damage.
You claw the centaur!
The centaur is almost dead.
You hear a bellow!
The centaur hits you.
You scratch the centaur.
You kill the centaur!
Cheibriados thoroughly appreciates the change of pace.
You scratch the yak.
The yak is lightly wounded.
The flow of time bends around you.
The yak resists with some effort. x2
You feel slightly less full. The yak gores you. The yak gores you!
* * * LOW HITPOINT WARNING * * *
You mangle the yak!! You claw the yak!
The yak is almost dead.
The yak closely misses you. The yak gores you!
You die...

..#### #.... .
###... .. #.... ...
...# ## ##.. #..#
..# #....###..#
#.###..
#....YYY..#####....
......#@....##..#
#.... ###..(....##
#Y.Y #..##....##


#YY #..##.....## ## #..#.......### ...#.........#.. ......#.....[...#
#..##.####...###.# #.. ##..### You could see 3 yaks.

Vanquished Creatures
  A centaur (D:10)
  A giant frog (D:7)
  An electric eel (D:9)
  2 orc priests (D:8)
  An orc wizard (D:8)
  An iguana (D:9)
  A worker ant (D:6)
  3 gnolls (D:8)
  5 adders
  A worm (D:4)
  A dart slug (D:1)
  A giant gecko (D:3)
  3 orcs
  A giant cockroach (D:8)
  A goblin (D:3)
  2 hobgoblins (D:2)
  3 kobolds
  A quokka (D:2)
  2 ball pythons (D:4)
  A giant newt (D:7)
  3 rats
36 creatures vanquished.

Notes
Turn   | Place    | Note
--------------------------------------------------------------
     0 | D:1      | M4edhros the Troll Monk began the quest for the Orb.
     0 | D:1      | Reached XP level 1. HP: 22/22 MP: 0/0
   278 | D:2      | Reached skill level 1 in Shields
   278 | D:2      | Reached XP level 2. HP: 24/29 MP: 1/1
   364 | D:2      | Reached XP level 3. HP: 36/36 MP: 2/2
   580 | D:4      | You fall through a shaft for 2 floors!
   580 | D:6      | Found a staircase to the Ecumenical Temple.
   597 | Temple   | Entered the Ecumenical Temple
   613 | Temple   | Became a worshipper of Cheibriados the Contemplative
   613 | Temple   | Reached * piety under Cheibriados
   613 | Temple   | Reached ** piety under Cheibriados
   675 | D:6      | Reached skill level 5 in Unarmed Combat
   675 | D:6      | Reached XP level 4. HP: 36/44 MP: 3/3
   687 | D:7      | Noticed a giant frog
   696 | D:7      | Killed a giant frog
   696 | D:7      | Reached XP level 5. HP: 28/50 MP: 4/4
   748 | D:8      | Reached XP level 6. HP: 13/59 MP: 5/5
   849 | D:9      | Reached skill level 6 in Unarmed Combat
   909 | D:9      | Got a brightly glowing falchion
   910 | D:9      | Identified the +6 falchion of Loqiav {flame, Dex+3} (You found it on level 9 of the Dungeon)
   917 | D:10     | Entered Level 10 of the Dungeon
  1003 | D:10     | Noticed a yak
  1005 | D:10     | Noticed a yak
  1005 | D:10     | Noticed a yak
  1005 | D:10     | Noticed a yak
  1006 | D:10     | Noticed a yak
  1016 | D:10     | Slain by a yak

Vault maps used:
D:1:      minmay_arrival_shoal_huts
D:2:      lemuel_round_altar, uniq_natasha
D:3:      first_bread
D:6:      minmay_temple_entry_statues, uniq_sigmund, uniq_prince_ribbit1
D:7:      kennysheep_mini_moat
D:8:      hangedman_decor_growths, grunt_livestock
D:9:      dpeg_oklobed_lair, moated_statue
D:10:     grunt_potential
Temple:   grunt_circular_temple_18

Skill      XL: |  1  2  3  4  5  6 |
---------------+-------------------+-----
Shields        | 1 2 3 |  3.7
Unarmed Combat | 5 6 |  6.4
Fighting       | |  2.4
Dodging        | |  2.4
Stealth        | |  1.1

Action                   |  1- 3 |  4- 6 || total
-------------------------+-------+-------++-------
Melee: Unarmed           |    52 |    47 ||    99
       Punch             |     2 |     1 ||     3
Invok: Bend Time         |       |     1 ||     1
  Use: Potion            |       |     3 ||     3
       Scroll            |       |     1 ||     1
 Stab: Sleeping          |     2 |       ||     2
  Eat: Chunk             |     3 |     9 ||    12
Armor: Robe              |    11 |     6 ||    17
Dodge: Dodged            |    29 |    21 ||    50
